 Dungeon Crawl Stone Soup version 0.32-a0-876-gcfddb08e57 (webtiles) character file.

Game seed: 18358613343024298686

25 bmack86 the Shield-Bearer (level 2, -3/26 HPs)
             Began as a Minotaur Fighter on Apr 1, 2024.
             Slain by Terence
             ... wielding a +1 heavy trident
              (13 damage)
             ... on level 2 of the Dungeon.
             The game lasted 00:01:38 (763 turns).

bmack86 the Shield-Bearer (Minotaur Fighter)         Turns: 763, Time: 00:01:38

Health: -3/26      AC:  0    Str: 20    XL:     2   Next: 82%
Magic:  0/1        EV: 16    Int:  5    God:
Gold:   33         SH:  0    Dex: 14    Spells: 1/1 levels left

rFire   . . .        a - melded +0 war axe
rCold   . . .        c - melded +0 buckler
rNeg    . . .        g - melded +0 chain mail
rPois   .            (helmet currently unavailable)
rElec   .            (cloak currently unavailable)
rCorr   .            (gloves currently unavailable)
SInv    .            (boots currently unavailable)
Will    .....        f - amulet of guardian spirit
Stlth   +            (ring currently unavailable)
HPRegen 0.24/turn    (ring currently unavailable)
MPRegen 0.07/turn

%: guardian spirit
@: bat-form, flying, very quick
A: fast, flying, no casting, tiny, (horns 2), (retaliatory headbutt)
a: no special abilities


You were on level 2 of the Dungeon.
You were a bat.
You visited 1 branch of the dungeon, and saw 2 of its levels.

You collected 33 gold pieces.

Inventory:

Hand Weapons
 a - a +0 war axe (melded)
Armour
 b - a +0 scale mail
 c - a +0 buckler (melded)
 g - a +0 chain mail (melded)
Jewellery
 f - an amulet of guardian spirit (around neck)
Scrolls
 h - a scroll of amnesia {unknown}
Potions
 d - a potion of might
 e - a potion of resistance {unknown}


   Skills:
 - Level 3.6 Fighting
 + Level 3.1 Axes
 - Level 3.6 Armour
 * Level 4.5 Shields


You had one spell level left.
You didn't know any spells.
Your spell library contained the following spells:

 Spells                   Type           Power      Damage    Failure   Level
 Frozen Ramparts          Ice            0%         1d1       85%         3
 Ozocubu's Armour         Ice            0%         N/A       85%         3
 Summon Ice Beast         Ice/Summ       0%         N/A       85%         3
 Metabolic Englaciation   Hex/Ice        0%         N/A       100%        5
 Summon Mana Viper        Hex/Summ       0%         N/A       100%        5
 Monstrous Menagerie      Summ           0%         N/A       100%        7


Dungeon Overview and Level Annotations

Branches:
Dungeon (2/15)

Altars:

Annotations:
D:2 Terence


Innate Abilities, Weirdness & Mutations

You are a bat.
You are tiny and dextrous.
You move quickly.
You are flying.
Your equipment is almost entirely melded.
You are incapable of wielding weapons or throwing items.
You cannot cast spells.
((You have a pair of horns on your head.))
((You reflexively headbutt those who attack you in melee.))


Message History

The bat hits you but does no damage. The bat hits you but does no damage.
You miss the bat. The bat hits you. The bat hits you but does no damage.
The bat barely misses you. You block the bat's attack.
The bat hits you but does no damage.
You hit the bat.
You kill the bat!
There is a stone staircase leading down here.
You see here a bat corpse.
You start resting.
Magic restored.
You start resting.
HP restored.
You climb downwards.
Level annotation: Terence Terence hits you from afar with a +1 heavy trident!
There is a stone staircase leading up here.
Terence closely misses you.
You hit Terence but do no damage. Your headbutt misses Terence.
Terence zaps a wand.
You turn into a bat.
Your +0 war axe melds into your body.
Your +0 buckler melds into your body.
Your +0 chain mail melds into your body.
You hit Terence but do no damage. Terence misses you.
You hit Terence but do no damage. You closely miss Terence.
Terence hits you with a +1 heavy trident!
You hit Terence.
Terence is lightly wounded.
Terence closely misses you.
You hit Terence but do no damage.
Terence is lightly wounded.
You hit Terence but do no damage.
Terence is lightly wounded.
Terence closely misses you.
You closely miss Terence.
Terence is lightly wounded.
Terence hits you with a +1 heavy trident!
Ouch! That really hurt!
You die...
Terence says, "Time to find some more victims."

##########
.........#
........@#
........b#
.......<.#
.........#
.........#
...>.....#
##########


You could see Terence.

Vanquished Creatures
  A giant cockroach (D:1)
  A goblin (D:1)
  2 jackals (D:1)
  3 kobolds (D:1)
  4 ball pythons (D:1)
  8 bats (D:1)
  A frilled lizard (D:1)
  3 rats (D:1)
23 creatures vanquished.

Notes
Turn   | Place    | Note
-------+----------+-------------------------------------------
     0 | D:1      | bmack86 the Minotaur Fighter began the quest for the Orb.
     0 | D:1      | Reached XP level 1. HP: 19/19 MP: 0/0
    62 | D:1      | Reached skill level 4 in Shields
   237 | D:1      | Reached XP level 2. HP: 26/26 MP: 1/1
   722 | D:2      | Noticed Terence
   763 | D:2      | Slain by Terence

Illustrated notes

Levels and vault maps discovered:
D:1:      kennysheep_arrival_forest, layout_basic
D:2:      layout_basic, serial_shops, shop, minmay_misc_feat_rows, uniq_terence,
          uniq_sigmund

Skill      XL: |  1  2 |
---------------+-------+-----
Shields        | 4 |  4.5
Axes           | 3 |  3.1
Fighting       | |  3.6
Armour         | |  3.6

Action                     || total
---------------------------++-------
  Melee: War axe           ||    38
         Headbutt          ||     6
         Unarmed           ||     7
 Armour: Scale mail        ||    19
         Chain mail        ||    34
         Skin              ||     2
  Dodge: Dodged            ||    35
  Block: Buckler           ||    12

Table legend: (Time is in decaauts)
 A = Elapsed time spent in this place.
 B = Non-inter-level travel time spent in this place.
 C = Inter-level travel time spent in this place.
 D = Time resting spent in this place.
 E = Time spent auto-exploring this place.
 F = Levels seen in this place.
 G = Mean time per level.
                   A        B        C        D        E       F      G
               +--------+--------+--------+--------+--------+-----+--------+
         Total |    778 |    741 |     37 |     15 |    520 |   2 |  389.0 |
       Dungeon |    778 |    741 |     37 |     15 |    520 |   2 |  389.0 |
               +--------+--------+--------+--------+--------+-----+--------+

Top non-repeatable levels by time:
     D:1: 765 daAuts
     D:2: 13 daAuts
